 Dungeon Crawl Stone Soup version 0.25.0-65-g31bcc41 (webtiles) character file.

140220 Dorkslayer the Basher (level 17, -21/106 HPs)
             Began as a Gargoyle Fighter on Nov 6, 2020.
             Was the Champion of Okawaru.
             Killed from afar by a fire giant (48 damage)
             ... with a bolt of fire
             ... on level 3 of the Dungeon on Nov 7, 2020.
             The game lasted 00:39:59 (5463 turns).

Dorkslayer the Basher (Gargoyle Fighter)            Turns: 5463, Time: 00:39:59

Health: -21/106    AC: 36    Str: 27    XL:     17   Next: 30%
Magic:  35/35      EV:  8    Int:  9    God:    Okawaru [******]
Gold:   89         SH: 13    Dex: 10    Spells: 16/16 levels left

rFire    . . .     SeeInvis .   q - +2 flail (holy)
rCold    . . .     Gourm    .   k - +0 shield {reflect}
rNeg     + . .     Faith    .   s - +7 plate armour of Ommojy {MP+9 Str+3}
rPois    ∞         Spirit   .   (no helmet)
rElec    +         Reflect  +   (no cloak)
rCorr    .         Harm     .   (no gloves)
MR       ++...                  n - +1 pair of boots {Fly}
Stlth    ..........             (no amulet)
HPRegen  0.27/turn              u - ring of stealth
MPRegen  0.24/turn              g - ring of protection from magic

@: flying
A: big wings, negative energy resistance 1, electricity resistance, weak 1,
unbreathing, petrification resistance, rot immunity, AC +12
a: Stop Flying, Heroism, Finesse, Renounce Religion


You were on level 3 of the Dungeon.
You worshipped Okawaru.
Okawaru was exalted by your worship.
You were not hungry.

You visited 2 branches of the dungeon, and saw 4 of its levels.

You collected 1075 gold pieces.
You spent 986 gold pieces at shops.

Inventory:

Hand Weapons
 p - a +1 broad axe of flaming
 q - a +2 flail of holy wrath (weapon)
 B - a +0 scimitar of flaming
Missiles
 i - 13 tomahawks
 o - 10 tomahawks of returning (quivered)
Armour
 c - the +0 buckler of the Six Tales {Str+4 Int-4 Dex-3 SInv}
   (You found it on level 2 of the Dungeon)

   It affects your strength (+4).
   It affects your intelligence (-4).
   It affects your dexterity (-3).
   It lets you see invisible.
 k - a +0 shield of reflection (worn)
 n - a +1 pair of boots of flying (worn)
 s - the +7 plate armour of Ommojy (worn) {MP+9 Str+3}
   (Okawaru gifted it to you on level 2 of the Dungeon)

   It affects your strength (+3).
   It affects your magic capacity (+9).
Jewellery
 g - a ring of protection from magic (right hand)
 u - a ring of stealth (left hand)
Wands
 d - a wand of random effects (31)
 v - a wand of digging (5)
 w - a wand of paralysis (13)
 y - a wand of flame (15)
Scrolls
 a - 2 scrolls of amnesia
 h - 5 scrolls of remove curse
 l - 6 scrolls of teleportation
 m - 3 scrolls of identify
 r - a scroll of fear
 A - a scroll of silence
Potions
 b - a potion of mutation
 e - 2 potions of brilliance
 x - a potion of berserk rage
Miscellaneous
 j - a lamp of fire
 t - a phial of floods
Comestibles
 f - 6 rations
 z - 2 chunks of flesh


   Skills:
 + Level 12.2 Fighting
 + Level 5.9 Long Blades
 + Level 14.5 Maces & Flails
 * Level 7.6 Throwing
 + Level 10.2 Armour
 + Level 2.6 Dodging
 + Level 0.9 Stealth
 + Level 12.5 Shields
 * Level 13.3 Invocations
 * Level 11.6 Evocations


You had 16 spell levels left.
You didn't know any spells.
Your spell library was empty.

Dungeon Overview and Level Annotations

Branches:
Dungeon (3/3)              Temple (0/1) D:1           Swamp (0/1) D:2
 Spider (0/1) D:3             Orc (1/1) D:2             Elf (0/1) Orc
 Vaults (0/1) D:2
  Slime: D:2-3       Depths: D:3

Altars:
Ashenzari
Cheibriados
Elyvilon
Fedhas
Gozag
Nemelex Xobeh
Okawaru
Uskayaw
Yredelemnul
Zin
Beogh

Shops:
Orc (*}[

Annotations:
D:2 exclusion: 4 oklob plants


Innate Abilities, Weirdness & Mutations

You are resistant to torment.
Your stone body is resilient. (AC +12)
You are immune to poison.
Your large and strong wings let you fly indefinitely.
You resist negative energy. (rN+)
You are resistant to electric shocks. (rElec)
You can survive without breathing.
You are immune to petrification.
You are immune to rotting.
You are weak. (Str -2)


Message History

You bludgeon the fire giant!!
The fire giant is heavily wounded.
The fire giant casts a spell at you. The bolt of fire hits you!
* * * LOW HITPOINT WARNING * * *
You bludgeon the fire giant!!
The fire giant is severely wounded.
You hit the fire giant but do no damage.
The fire giant is severely wounded.
You block the fire giant's attack.
You sock the fire giant!
The fire giant is severely wounded.
You block the fire giant's attack.
You barely miss the fire giant.
The fire giant is severely wounded.
You thump the fire giant!
The fire giant is almost dead.
The fire giant casts a spell at you. The bolt of fire hits you!
You die...

### #.. # #.###.##
####### #......# ##
......# #.!....##
#$
......#####C...)..#
#Y..#
......†.†@#...##.#
#.≈N#
###.......#####
#...# #.......#
#.###+ #.......#
.s# # #.......####
#.. # #.$........?
## # #...........
.. #............
#+# #............


c You could see a fire giant.

Vanquished Creatures
  Donald (Orc)
  A dire elephant (D:3)
  A rakshasa (D:3)
  4 vault guards
  A hydra (D:2)
  2 centaur warriors (D:3)
  A two-headed ogre (Orc)
  A tengu warrior (D:3)
  3 orc high priests (Orc)
  A deep elf knight (D:2)
  A skeletal warrior (D:3)
  5 orc knights (Orc)
  3 orc sorcerers (Orc)
  2 wolf spiders
  2 ugly things (D:2)
  3 cyclopes
  2 manticores (D:3)
  A salamander (D:3)
  A centaur skeleton (D:2)
  A gargoyle (D:2)
  A yaktaur (D:3)
  An efreet (D:3)
  A troll (Orc)
  A merfolk (D:3)
  2 slime creatures (D:2)
  Sigmund (D:3)
  A redback (D:2)
  A vampire (D:2)
  2 shadows
  A basilisk (D:3)
  A golden eye (shapeshifter) (D:3)
  A hungry ghost (D:2)
  A vampire mosquito (D:3)
  3 wargs (Orc)
  18 orc warriors
  3 ice beasts
  7 ogres
  A phantom (D:1)
  A scorpion (D:1)
  A killer bee (D:2)
  5 wights
  3 crimson imps
  A howler monkey (D:1)
  A bullfrog zombie (D:2)
  12 orc priests
  2 hounds
  A bullfrog skeleton (D:2)
  14 orc wizards
  A worker ant (D:2)
  3 adders
  A shadow imp (D:2)
  43 orcs
  A bat zombie (D:2)
  A quokka (D:1)
  A giant cockroach zombie (D:2)
176 creatures vanquished.

Vanquished Creatures (collateral kills)
  An orc sorcerer (Orc)
  An orc (D:2)
2 creatures vanquished.

Vanquished Creatures (others)
  A centaur warrior (D:3)
  An orc knight (Orc)
  A manticore (D:3)
  An orc warrior (Orc)
  An orc wizard (Orc)
5 creatures vanquished.

Grand Total: 183 creatures vanquished

Notes
Turn   | Place    | Note
-------+----------+-------------------------------------------
     0 | D:1      | Dorkslayer the Gargoyle Fighter began the quest for the
                  | Orb.
     0 | D:1      | Reached XP level 1. HP: 14/14 MP: 1/1
    19 | D:1      | Reached XP level 2. HP: 20/20 MP: 2/2
    19 | D:1      | Reached XP level 3. HP: 24/24 MP: 3/3
    85 | D:1      | Found an iron altar of Okawaru.
    89 | D:1      | Found a hide-covered altar of Uskayaw.
    89 | D:1      | Noticed a scorpion
    90 | D:1      | Found a basalt altar of Yredelemnul.
    91 | D:1      | Found a snail-covered altar of Cheibriados.
    92 | D:1      | Became a worshipper of Warmaster Okawaru
   109 | D:1      | Killed a scorpion
   109 | D:1      | Reached * piety under Okawaru
   109 | D:1      | Reached skill level 1 in Invocations
   109 | D:1      | Reached skill level 1 in Evocations
   109 | D:1      | Reached XP level 4. HP: 19/30 MP: 3/5
   109 | D:1      | Reached XP level 5. HP: 22/34 MP: 3/6
   109 | D:1      | Reached XP level 6. HP: 25/39 MP: 3/7
   110 | D:1      | Noticed an ice beast
   111 | D:1      | Found a sparkling altar of Nemelex Xobeh.
   111 | D:1      | Found an opulent altar of Gozag.
   126 | D:1      | Killed an ice beast
   126 | D:1      | Reached ** piety under Okawaru
   126 | D:1      | Reached skill level 5 in Fighting
   126 | D:1      | Reached skill level 5 in Armour
   126 | D:1      | Reached skill level 5 in Shields
   126 | D:1      | Reached XP level 7. HP: 31/44 MP: 4/9
   136 | D:1      | Reached XP level 8. HP: 35/49 MP: 6/10
   192 | D:1      | Reached *** piety under Okawaru
   338 | D:1      | Found a glowing silver altar of Zin.
   355 | D:1      | Reached XP level 9. HP: 46/55 MP: 10/12
   395 | D:1      | Reached skill level 1 in Dodging
   423 | D:1      | Found a white marble altar of Elyvilon.
   543 | D:1      | Reached **** piety under Okawaru
   543 | D:1      | Reached skill level 5 in Long Blades
   543 | D:1      | Reached skill level 5 in Invocations
   567 | D:1      | Found a blossoming altar of Fedhas.
   616 | D:1      | Found a staircase to the Ecumenical Temple.
   674 | D:1      | Found a shattered altar of Ashenzari.
   763 | D:1      | Reached skill level 1 in Maces & Flails
  1096 | D:2      | Reached ***** piety under Okawaru
  1096 | D:2      | Reached skill level 3 in Maces & Flails
  1096 | D:2      | Reached skill level 5 in Evocations
  1096 | D:2      | Reached XP level 10. HP: 55/61 MP: 11/14
  1105 | D:2      | Reached skill level 4 in Maces & Flails
  1399 | D:2      | Found a gate to the Vaults.
  1399 | D:2      | Noticed a vault guard
  1399 | D:2      | Noticed a vault guard
  1399 | D:2      | Noticed a vault guard
  1399 | D:2      | Noticed a vault guard
  1402 | D:2      | Noticed a four-headed hydra
  1421 | D:2      | Reached skill level 5 in Maces & Flails
  1421 | D:2      | Reached XP level 11. HP: 61/67 MP: 9/16
  1442 | D:2      | Killed a vault guard
  1442 | D:2      | Received a gift from Okawaru
  1442 | D:2      | Reached skill level 6 in Maces & Flails
  1443 | D:2      | Got a brightly glowing plate armour {god gift}
  1478 | D:1      | Killed a vault guard
  1478 | D:1      | Reached skill level 7 in Maces & Flails
  1478 | D:1      | Reached XP level 12. HP: 25/73 MP: 14/18
  1490 | D:1      | Identified the +7 plate armour of Ommojy {MP+9 Str+3}
                  | (Okawaru gifted it to you on level 2 of the Dungeon)
  1715 | D:2      | Killed a four-headed hydra
  1715 | D:2      | Received a gift from Okawaru
  1715 | D:2      | Reached skill level 8 in Maces & Flails
  1723 | D:2      | Reached ****** piety under Okawaru
  1730 | D:2      | Reached skill level 9 in Maces & Flails
  1736 | D:2      | Killed a vault guard
  1762 | D:2      | Killed a vault guard
  1762 | D:2      | Received a gift from Okawaru
  1762 | D:2      | Reached skill level 10 in Maces & Flails
  1762 | D:2      | Reached XP level 13. HP: 74/80 MP: 20/20
  1945 | D:2      | Reached skill level 10 in Invocations
  1984 | D:2      | Found a staircase to the Swamp.
  2059 | D:2      | Found a staircase to the Orcish Mines.
  2090 | D:2      | Found a roughly hewn altar of Beogh.
  2091 | D:2      | Reached skill level 11 in Maces & Flails
  2119 | Orc      | Entered the Orcish Mines
  2440 | Orc      | Received a gift from Okawaru
  2631 | Orc      | Reached skill level 1 in Throwing
  2631 | Orc      | Gained mutation: Your large and strong wings let you fly
                  | indefinitely. [Gargoyle growth]
  2631 | Orc      | Reached XP level 14. HP: 86/87 MP: 21/21
  2640 | Orc      | Reached skill level 10 in Shields
  2647 | Orc      | Reached skill level 10 in Fighting
  2683 | Orc      | Received a gift from Okawaru
  2698 | Orc      | Gained mutation: You are weak. (Str -2) [mutagenic glow]
  2790 | Orc      | Found a staircase to the Elven Halls.
  2828 | Orc      | Reached skill level 12 in Maces & Flails
  3019 | Orc      | Received a gift from Okawaru
  3042 | Orc      | Reached XP level 15. HP: 83/93 MP: 23/23
  3073 | Orc      | Reached skill level 10 in Evocations
  3085 | Orc      | Reached skill level 13 in Maces & Flails
  3176 | Orc      | Found Jitinneo's Armour Boutique.
  3176 | Orc      | Found Bap Wycellej's Gadget Shoppe.
  3178 | Orc      | Found Kantef's General Store.
  3178 | Orc      | Found Roluf's Antique Weapon Shoppe.
  3192 | Orc      | Bought a potion of heal wounds for 65 gold pieces
  3192 | Orc      | Bought a scroll of fear for 45 gold pieces
  3545 | Orc      | Noticed Donald
  3562 | Orc      | Reached skill level 5 in Throwing
  3603 | Orc      | Killed Donald
  3603 | Orc      | Received a gift from Okawaru
  4067 | D:2      | Received a gift from Okawaru
  4121 | D:2      | Got an ancient buckler
  4286 | D:2      | Received a gift from Okawaru
  4286 | D:2      | Reached XP level 16. HP: 100/100 MP: 25/25
  4314 | D:2      | Identified the +0 buckler of the Six Tales {Str+4 Int-4
                  | Dex-3 SInv} (You found it on level 2 of the Dungeon)
  4458 | D:3      | Entered Level 3 of the Dungeon
  4553 | D:3      | Reached skill level 14 in Maces & Flails
  4564 | D:3      | Found a hole to the Spider Nest.
  4579 | D:3      | Received a gift from Okawaru
  5084 | Orc      | Bought a lamp of fire for 480 gold pieces
  5084 | Orc      | Bought a wand of digging (5) for 216 gold pieces
  5084 | Orc      | Bought a wand of paralysis (13) for 180 gold pieces
  5183 | D:3      | Noticed Sigmund
  5274 | D:2      | Reached skill level 10 in Armour
  5322 | D:3      | Reached XP level 17. HP: 78/106 MP: 26/26
  5329 | D:3      | Killed Sigmund
  5463 | D:3      | Killed from afar by a fire giant

Skill      XL: |  1  2  3  4  5  6  7  8  9 10 11 12 13 14 15 16 |
---------------+-------------------------------------------------+-----
Fighting       | 4 5 6 7 8 9 10 11 12 | 12.2
Long Blades    | 2 3 4 5 |  5.9
Armour         | 4 5 6 7 8 9 10 | 10.2
Shields        | 4 5 6 7 8 9 10 11 12 | 12.5
Invocations    | 1 3 4 6 7 8 9 10 11 12 13 | 13.3
Evocations     | 1 2 3 5 7 8 9 10 11 | 11.6
Dodging        | 2 |  2.6
Maces & Flails | 3 5 7 10 11 12 13 14 | 14.5
Throwing       | 1 4 5 7 |  7.6
Stealth        | |  0.9

Action                   |  1- 3 |  4- 6 |  7- 9 | 10-12 | 13-15 | 16-18 || total
-------------------------+-------+-------+-------+-------+-------+-------++-------
Melee: Long sword        |    18 |     7 |    47 |       |       |       ||    72
       Flail             |       |       |    30 |   143 |   418 |   254 ||   845
       Eveningstar       |       |       |       |       |    60 |       ||    60
Throw: Tomahawk          |       |       |       |       |     6 |     5 ||    11
Invok: Heroism           |       |       |     3 |     2 |     8 |     3 ||    16
       Finesse           |       |       |       |     2 |     7 |     3 ||    12
Evoke: Wand              |       |       |       |       |    17 |     1 ||    18
       Phial of floods   |       |       |       |       |     2 |     1 ||     3
  Use: Potion            |       |     1 |       |       |     9 |       ||    10
       Scroll            |       |       |     4 |     2 |     2 |     1 ||     9
  Eat: Ration            |       |       |     1 |     1 |       |     1 ||     3
       Chunk             |       |       |       |       |     5 |     2 ||     7
Armor: Scale mail        |     9 |     8 |    20 |       |       |       ||    37
       Chain mail        |       |       |    10 |    22 |       |       ||    32
       Plate armour      |       |       |       |    11 |   116 |   104 ||   231
       Skin              |       |       |       |       |     2 |       ||     2
Dodge: Dodged            |     3 |       |    20 |    19 |    75 |    41 ||   158
Block: Shield            |    10 |     1 |    33 |    60 |   166 |   122 ||   392
       Reflection        |       |       |       |       |     1 |    13 ||    14
       Rpst.: Long sword |     1 |       |     3 |       |       |       ||     4
